 Dungeon Crawl Stone Soup version 0.31-a0-188-g5e087ee2ca (webtiles) character file.

Game seed: 15548045614868913833

24 qw the Shooter (level 2, -2/16 HPs)
             Began as a Deep Elf Hunter on June 23, 2023.
             Killed from afar by a dart slug (4 damage)
             ... with a slug dart
             ... on level 1 of the Dungeon.
             The game lasted 00:00:09 (161 turns).

qw the Shooter (Deep Elf Hunter)                     Turns: 161, Time: 00:00:09

Health: -2/16      AC:  3    Str:  8    XL:     2   Next: 79%
Magic:  4/4        EV: 12    Int: 13    God:
Gold:   29         SH:  0    Dex: 18    Spells: 1/1 levels left

rFire   . . .        a - +0 shortbow
rCold   . . .        (shield currently unavailable)
rNeg    . . .        c - +0 leather armour
rPois   .            (no helmet)
rElec   .            (no cloak)
rCorr   .            (no gloves)
SInv    .            (no boots)
Will    .....        (no amulet)
Stlth   ++           (no ring)
HPRegen 0.22/turn    (no ring)
MPRegen 0.09/turn

%: no passive effects
@: no status effects
A: no striking features
a: no special abilities


You were on level 1 of the Dungeon.
You visited 1 branch of the dungeon, and saw 1 of its levels.

You collected 29 gold pieces.


   Skills:
 - Level 1.5 Fighting
 + Level 6.5 Ranged Weapons
 - Level 2.4 Dodging
 - Level 1.2 Stealth


You had one spell level left.
You didn't know any spells.
Your spell library was empty.

Inventory:

Hand Weapons
 a - a +0 shortbow (weapon)
Armour
 c - a +0 leather armour (worn)
 d - a +0 cloak
Scrolls
 b - a scroll of butterflies
 e - a scroll of teleportation {unknown}
 f - a scroll of identify {unknown}

Dungeon Overview and Level Annotations

Branches:
Dungeon (1/15)

Altars:


Message History

The giant cockroach misses you. The rat completely misses you.
The giant cockroach bites you but does no damage.
You shoot an arrow. The arrow hits the giant cockroach!
You kill the giant cockroach!
The rat closely misses you.
You shoot an arrow. The arrow hits the endoplasm.
The endoplasm is lightly wounded.
The rat barely misses you. The endoplasm freezes you.
You are frozen.
The endoplasm barely misses you. The rat completely misses you.
The endoplasm freezes you.
You are frozen.
The endoplasm closely misses you.
You shoot an arrow.
The arrow hits the endoplasm but does no damage.
The endoplasm is lightly wounded.
The rat barely misses you. The endoplasm barely misses you.
The endoplasm misses you.
You shoot an arrow. The arrow hits the endoplasm.
The endoplasm is heavily wounded.
The rat bites you.
The endoplasm hits you but does no damage.
The endoplasm freezes you.
You are frozen.
You shoot an arrow. The arrow hits the endoplasm.
You kill the endoplasm!
The rat barely misses you. The endoplasm freezes you.
You are frozen.
You shoot an arrow.
The arrow hits the endoplasm but does no damage.
The rat misses you. The endoplasm closely misses you.
You shoot an arrow. The arrow hits the endoplasm.
The endoplasm is almost dead.
The rat bites you. The endoplasm hits you.
You shoot an arrow. The arrow hits the endoplasm.
You kill the endoplasm!
The rat completely misses you. The dart slug launches a dart at you.
The slug dart hits you.
You die...

##......##).......#
#......##........#
#.%....##........#
#......##........#
#....).##.......##
#......##.......#####
#......##...........#
#......##...........#
#......@r...#
########%...# # w...#
# ....+ # ....# #
...... # ....... #
.....#. #


You could see a dart slug and a rat.

Vanquished Creatures
  2 dart slugs (D:1)
  4 endoplasms (D:1)
  3 giant cockroaches (D:1)
  A goblin (D:1)
  3 hobgoblins (D:1)
  A jackal (D:1)
  3 kobolds (D:1)
  A ball python (D:1)
18 creatures vanquished.

Notes
Turn   | Place    | Note
-------+----------+-------------------------------------------
     0 | D:1      | qw the Deep Elf Hunter began the quest for the Orb.
     0 | D:1      | Reached XP level 1. HP: 12/12 MP: 3/3
     0 | D:1      | 0 ||| qw: Version: 0.3-a-9-g12657ce
     0 | D:1      | 0 ||| qw: Game counter: 4197
     0 | D:1      | 0 ||| qw: Always use a shield: true
     0 | D:1      | 0 ||| qw: God list: Okawaru
     0 | D:1      | 0 ||| qw: Allow faded altars: false
     0 | D:1      | 0 ||| qw: Do Orc after D:15 true
     0 | D:1      | 0 ||| qw: Do second Lair branch before Depths: true
     0 | D:1      | 0 ||| qw: Lair rune preference: random
     0 | D:1      | 0 ||| qw: Plans: Normal
     0 | D:1      | 0 ||| PLANNING D:1-11
    40 | D:1      | Reached XP level 2. HP: 16/16 MP: 4/4
    53 | D:1      | Reached skill level 6 in Ranged Weapons
   157 | D:1      | HP: 4/16 [frozen (2)]
   161 | D:1      | Killed from afar by a dart slug

Levels and vault maps discovered:
D:1:      mushboom_english_gardens, layout_basic, minmay_heptomino_l4

Skill      XL: |  1  2 |
---------------+-------+-----
Ranged Weapons | 6 |  6.5
Fighting       | |  1.5
Dodging        | |  2.4
Stealth        | |  1.2

Action                     || total
---------------------------++-------
   Fire: Shortbow          ||    45
 Armour: Leather armour    ||     6
  Dodge: Dodged            ||    20

Table legend:
 A = Non-vault XP
 B = Vault XP
 C = Vault XP percentage of total XP
 D = Non-vault monster count
 E = Vault monster count
 F = Vault count percentage of total count
                 A         B        C        D         E       F
            +---------+---------+-------+---------+---------+-------
      Total |      37 |       0 |   0.0 |      18 |       0 |   0.0
            +---------+---------+-------+---------+---------+-------
        D:1 |      37 |       0 |   0.0 |      18 |       0 |   0.0
            +---------+---------+-------+---------+---------+-------
